 Dungeon Crawl Stone Soup version bcrawl-1.28.4 (webtiles) character file.

Game seed: 2859778678245912476

149025 esc the Skirmisher (level 6, -12/53 HPs)
             Began as a Hill Orc Archaeologist on Jan 13, 2021.
             Was a Follower of Makhleb.
             Mangled by an orc warrior
             ... wielding a +0 short sword
              (13 damage)
             ... on level 3 of the Dungeon.
             The game lasted 00:06:44 (3520 turns).

esc the Skirmisher (Hill Orc Archaeologist)         Turns: 3520, Time: 00:06:44

Health: -12/53     AC: 11    Str: 16    XL:     6   Next: 28%
Magic:  6/6        EV: 11    Int: 14    God:    Makhleb [*.....]
Gold:   1114       SH:  6    Dex:  9    Spells: 5/5 levels left

rFire    . . .     SeeInvis .   a - +0 whip
rCold    + . .     Gourm    .   (no shield)
rNeg     . . .     Faith    .   c - +2 ring mail {rC+}
rPois    .         Spirit   .   d - +2 hat
rElec    +         Reflect  +   (no cloak)
rCorr    +         Harm     .   (no gloves)
MR       .....                  i - +1 pair of boots
Stlth    +.........             m - +6 amulet of reflection
HPRegen  0.17/turn              l - ring of insulation
MPRegen  0.10/turn              p - ring of resist corrosion

@: no status effects
A: no striking features
a: Renounce Religion


You were on level 3 of the Dungeon.
You worshipped Makhleb.
Makhleb was aware of your devotion.
You were not hungry.

You visited 1 branch of the dungeon, and saw 3 of its levels.

You collected 1114 gold pieces.

Inventory:

Hand Weapons
 a - a +0 whip (weapon)
 b - a +0 blowgun
Missiles
 f - 6 curare-tipped needles
 o - 158 poisoned needles
Armour
 c - a +2 ring mail of cold resistance (worn)
 d - a +2 hat (worn)
 i - a +1 pair of boots (worn)
Jewellery
 l - a ring of insulation (left hand)
 m - a +6 amulet of reflection (around neck)
 p - a ring of resist corrosion (right hand)
Scrolls
 g - 2 scrolls of magic mapping
 h - a scroll of teleportation
 n - a scroll of enchant weapon
 s - a scroll of fear
Potions
 k - a potion of brilliance
 r - a potion of lignification
 t - a potion of curing
Comestibles
 e - 5 rations {!d}


   Skills:
 + Level 4.6 Fighting
   Level 4.6 Short Blades
   Level 4.6 Long Blades
   Level 4.6 Axes
   Level 4.6 Maces & Flails
   Level 4.6 Polearms
   Level 4.6 Staves
 + Level 3.0 Armour
 - Level 2.4 Dodging
 - Level 2.6 Stealth
   Level 4.6 Unarmed Combat


You had 5 spell levels left.
You didn't know any spells.
Your spell library was empty.

Dungeon Overview and Level Annotations

Branches:
Dungeon (3/12)

Altars:
Hepliaklqana
Makhleb
Qazlal
Uskayaw
Vehumet

Annotations:
D:3 1 transporter


Message History

You block the bullfrog's attack. You block the orc warrior's attack.
You hit the orc warrior but do no damage.
The orc warrior is moderately wounded.
The bullfrog hits you but does no damage.
The bullfrog hits you.
* * * LOW HITPOINT WARNING * * *
The bullfrog hits you.
* * * LOW HITPOINT WARNING * * *
The bullfrog hits you but does no damage.
You block the orc warrior's attack.
You hit the orc warrior but do no damage.
The orc warrior is moderately wounded.
You feel less wooden.
Your +2 hat unmelds from your body.
Your +1 pair of boots unmelds from your body.
Your +2 ring mail of cold resistance unmelds from your body.
You feel resistant to cold. The bullfrog barely misses you.
The bullfrog hits you but does no damage.
The orc warrior hits you with a +0 short sword!
You die...

#....########........
#....# #........ #^...##
#........ ###.....#####
#......).
##.....©.....###........
#..#########..##........
#.##8.....8##.##........
#.#....FF...#.##).......
#.#....@....#...........
#.#....o....#..#########
#.#........©#..#
#.#.........#..#
#.#......(..#..#
#.#..)!$?)..#..#
#.##8$$_$$8##..#
#..#########...#
##.....©.......#


You could see an orc warrior and 2 bullfrogs.

Vanquished Creatures
  A centaur (D:3)
  Terence (D:3)
  5 gnolls (D:3)
  6 worms
  3 dart slugs (D:2)
  5 leopard geckos
  7 orcs (D:3)
  3 giant cockroaches
  7 goblins
  6 hobgoblins
  15 jackals
  2 quokkas (D:2)
  2 ball pythons (D:2)
  4 bats
  6 frilled lizards
  13 kobolds
  A quokka skeleton (D:3)
  3 rats (D:1)
90 creatures vanquished.

Vanquished Creatures (others)
  An orc (D:3)
1 creature vanquished.

Grand Total: 91 creatures vanquished

Notes
Turn   | Place    | Note
-------+----------+-------------------------------------------
     0 | D:1      | esc the Hill Orc Archaeologist began the quest for the Orb.
     0 | D:1      | Reached XP level 1. HP: 16/16 MP: 1/1
    59 | D:1      | Reached skill level 2 in Fighting
    70 | D:1      | Reached XP level 2. HP: 22/24 MP: 2/2
   541 | D:1      | Reached XP level 3. HP: 30/30 MP: 3/3
   648 | D:1      | Reached skill level 3 in Fighting
  1213 | D:2      | Reached XP level 4. HP: 37/38 MP: 4/4
  1730 | D:2      | Found a burning altar of Makhleb.
  1738 | D:2      | Became a worshipper of Makhleb the Destroyer
  2384 | D:3      | Reached skill level 4 in Fighting
  2410 | D:3      | Found a radiant altar of Vehumet.
  2446 | D:3      | Found a faded altar of an unknown god.
  2466 | D:3      | Reached XP level 5. HP: 43/46 MP: 5/5
  2466 | D:3      | Identified a scroll of acquirement
  2480 | D:3      | Identified the +0 demon whip of Giro {pain, rPois rC++
                  | Str+4} (You acquired it on level 3 of the Dungeon)
  2480 | D:3      | Identified the +0 plate armour of the Untouchables {Slay+2}
                  | (You acquired it on level 3 of the Dungeon)
  2568 | D:3      | Found a hazy altar of Hepliaklqana.
  2606 | D:3      | Noticed a centaur
  2619 | D:3      | Killed a centaur
  2783 | D:3      | Noticed Terence
  2801 | D:3      | Killed Terence
  2801 | D:3      | Reached * piety under Makhleb
  2802 | D:3      | Reached XP level 6. HP: 45/53 MP: 6/6
  3246 | D:3      | Found a transporter.
  3250 | D:3      | Found a transporter.
  3250 | D:3      | Noticed an orc warrior
  3256 | D:3      | Found a stormy altar of Qazlal.
  3297 | D:3      | Found a hide-covered altar of Uskayaw.
  3519 | D:3      | HP: 1/79 [bullfrog (4)]
  3520 | D:3      | Mangled by an orc warrior

Skill      XL: |  1  2  3  4  5  6 |
---------------+-------------------+-----
Fighting       | 2 3 4 |  4.6
Armour         | 2 3 |  3.0
Short Blades   | |  4.6
Long Blades    | |  4.6
Axes           | |  4.6
Maces & Flails | |  4.6
Polearms       | |  4.6
Staves         | |  4.6
Dodging        | |  2.4
Stealth        | |  2.6
Unarmed Combat | |  4.6

Action                   |  1- 3 |  4- 6 || total
-------------------------+-------+-------++-------
Melee: Whip              |   196 |   331 ||   527
       Punch             |     2 |     4 ||     6
  Use: Scroll            |     5 |     6 ||    11
       Potion            |       |     1 ||     1
 Stab: Sleeping          |     3 |     3 ||     6
  Eat: Chunk             |     6 |    17 ||    23
Armor: Robe              |    59 |    45 ||   104
       Ring mail         |       |    62 ||    62
       Skin              |       |    46 ||    46
Dodge: Dodged            |   136 |   161 ||   297
Block: Other             |    31 |   103 ||   134
       Reflection        |     1 |     6 ||     7
